 Dungeon Crawl Stone Soup version 0.28-a0-43-g560ac104fe (webtiles) character file.

Game seed: 14877624698302743910

301 Wyvernaa the Shield-Bearer (level 6, -7/49 HPs)
             Began as a Formicid Fighter on July 29, 2021.
             Mangled by a wyvern zombie (9 damage)
             ... on level 6 of the Dungeon.
             The game lasted 00:10:23 (3761 turns).

Wyvernaa the Shield-Bearer (Formicid Fighter)       Turns: 3761, Time: 00:10:24

Health: -7/49      AC:  9    Str: 22    XL:     6   Next: 64%
Magic:  6/6        EV:  6    Int:  7    God:
Gold:   84         SH: 10    Dex: 11    Spells: 5/5 levels left

rFire   . . .      SeeInvis +   a - +0 trident
rCold   . . .      Faith    .   c - +0 kite shield
rNeg    . . .      Spirit   .   j - +0 chain mail
rPois   .          Reflect  .   (helmet unavailable)
rElec   .          Harm     .   i - scarf {repulsion}
rCorr   .          Rampage  .   (no gloves)
Will    .....                   (no boots)
Stlth   ..........              (no amulet)
HPRegen 0.16/turn               (no ring)
MPRegen 0.10/turn               (no ring)

@: attractive, repel missiles
A: permanent stasis, dig shafts and tunnels, antennae 3, four strong arms
a: Dig, Shaft Self


You were on level 6 of the Dungeon.
You visited 1 branch of the dungeon, and saw 5 of its levels.

You collected 84 gold pieces.

Inventory:

Hand Weapons
 a - a +0 trident (weapon)
Missiles
 d - a throwing net
Armour
 b - a +0 scale mail
 c - a +0 kite shield (worn)
 i - a scarf of repulsion (worn)
 j - a +0 chain mail (worn)
 l - a +0 plate armour
Wands
 k - a wand of iceblast (5)
Scrolls
 f - a scroll of amnesia
 m - a scroll of identify
Potions
 e - 2 potions of flight


   Skills:
 + Level 4.6 Fighting
 * Level 4.1 Polearms
 * Level 4.2 Armour
 + Level 0.6 Dodging
 + Level 0.5 Stealth
 * Level 5.0 Shields


You had 5 spell levels left.
You didn't know any spells.
Your spell library was empty.

Dungeon Overview and Level Annotations

Branches:
Dungeon (4/15)
 Temple: D:4-7

Altars:
Dithmenos
Qazlal
Ru
Sif Muna
Uskayaw

Shops:
D:1 !

Annotations:
D:2 Sigmund
D:4 Edmund


Innate Abilities, Weirdness & Mutations

You cannot be hasted, slowed, berserked, paralysed or teleported.
You can dig through walls and to a lower floor.
You have a pair of large antennae on your head. (SInv)
Your four strong arms can wield two-handed weapons with a shield.


Message History

You destroy the bullfrog zombie!
Your Shields skill increases to level 5!
You hit the wyvern zombie.
The wyvern zombie is lightly damaged.
The wyvern zombie bites you but does no damage. x2
You barely miss the wyvern zombie.
The wyvern zombie is lightly damaged.
The wyvern zombie barely misses you. You block the wyvern zombie's attack.
You barely miss the wyvern zombie.
The wyvern zombie is lightly damaged.
You block the wyvern zombie's attack.
You hit the wyvern zombie but do no damage.
The wyvern zombie is lightly damaged.
The wyvern zombie closely misses you. The wyvern zombie bites you!
You hit the wyvern zombie but do no damage.
The wyvern zombie is lightly damaged.
You block the wyvern zombie's attack.
Okay, then.
Okay, then.
Aiming: Iceblast
Press: ? - help, Shift-Dir - straight line, f - wyvern zombie
Aim: a wyvern zombie (lightly damaged)
Okay, then.
Your shield prevents you from hitting the wyvern zombie.
The wyvern zombie is lightly damaged.
You block the wyvern zombie's attack. The wyvern zombie bites you.
* * * LOW HITPOINT WARNING * * *
You hit the wyvern zombie.
The wyvern zombie is lightly damaged.
The wyvern zombie completely misses you.
The wyvern zombie barely misses you.
You hit the wyvern zombie.
The wyvern zombie is lightly damaged.
You block the wyvern zombie's attack.
You hit the wyvern zombie.
The wyvern zombie is lightly damaged.
The wyvern zombie bites you!
* * * LOW HITPOINT WARNING * * *
The wyvern zombie bites you!
You die...

#######
#.$....##
.)......##
.........#
.........#
.......$.####
..!.......#@#
.........#Z##
......./####
......!.#
.........
.........
.........#
..........
.<.......#


You could see a wyvern zombie.

Vanquished Creatures
  A scorpion (D:2)
  A bullfrog zombie (D:6)
  An orc priest (D:3)
  A hound (D:4)
  Ijyb (D:4)
  An orc wizard (D:3)
  2 adders
  An ufetubus (D:4)
  A worm (D:2)
  3 dart slugs (D:1)
  3 orcs (D:3)
  2 ball pythons (D:1)
  5 bats
  4 endoplasms (D:1)
  4 goblins
  2 hobgoblins
  11 jackals
  6 quokkas
  3 frilled lizards
  5 kobolds
  9 rats
67 creatures vanquished.

Vanquished Creatures (others)
  A ball python (D:3)
  7 demonic plants (D:2)
  3 fungi (D:2)
  3 plants (D:2)
  6 withered plants (D:2)
20 creatures vanquished.

Grand Total: 87 creatures vanquished

Notes
Turn   | Place    | Note
-------+----------+-------------------------------------------
     0 | D:1      | Wyvernaa the Formicid Fighter began the quest for the Orb.
     0 | D:1      | Reached XP level 1. HP: 18/18 MP: 1/1
   134 | D:1      | Reached XP level 2. HP: 21/24 MP: 2/2
   324 | D:1      | Reached XP level 3. HP: 30/30 MP: 3/3
   382 | D:1      | Reached skill level 4 in Shields
   620 | D:1      | Found Ydykattu's Distillery.
   838 | D:2      | Found a faded altar of an unknown god.
   850 | D:2      | Noticed Sigmund
  1231 | D:2      | Reached XP level 4. HP: 37/37 MP: 4/4
  1337 | D:2      | Noticed a scorpion
  1343 | D:2      | Killed a scorpion
  1344 | D:2      | Reached XP level 5. HP: 27/42 MP: 5/5
  1682 | D:2      | You fall into a shaft and drop 1 floor!
  1985 | D:3      | Found a stormy altar of Qazlal.
  2358 | D:3      | Noticed a +0 dagger
  2358 | D:3      | Noticed a +0 hand axe
  2364 | D:3      | Found a hide-covered altar of Uskayaw.
  2426 | D:3      | Found a shadowy altar of Dithmenos.
  2426 | D:3      | Found a shimmering blue altar of Sif Muna.
  2427 | D:3      | Found a sacrificial altar of Ru.
  3085 | D:3      | Reached XP level 6. HP: 21/48 MP: 6/6
  3439 | D:4      | Noticed Ijyb
  3458 | D:4      | Killed Ijyb
  3623 | D:4      | Noticed Edmund
  3736 | D:4      | You fall into a shaft and drop 2 floors!
  3753 | D:6      | Reached skill level 5 in Shields
  3761 | D:6      | HP: 2/49 [wyvern zombie (12)]
  3761 | D:6      | Mangled by a wyvern zombie

Illustrated notes

Levels and vault maps discovered:
D:1:      dpeg_arrival_orchard, layout_basic, serial_shops,
          nicolae_lakefront_shop, minmay_close_crescents
D:2:      layout_basic, shapermc_ecumenical_altar_gd, uniq_sigmund, uniq_jessica
D:3:      layout_basic, dancing_weapons_uskayaw, grunt_qazlal_clouds,
          gammafunk_temple_overflow_claw, grunt_decor_cap,
          grunt_decor_mini_mirrors
D:4:      layout_layer_cave, lemuel_temple_firewalk_b, uniq_edmund,
          uniq_natasha, uniq_ijyb
D:6:      layout_rooms, serial_shops, kennysheep_little_box, uniq_grinder

Skill      XL: |  1  2  3  4  5  6 |
---------------+-------------------+-----
Shields        | 4 5 |  5.0
Fighting       | 4 |  4.6
Polearms       | 3 4 |  4.1
Armour         | 4 |  4.2
Dodging        | |  0.6
Stealth        | |  0.5

Action                   |  1- 3 |  4- 6 || total
-------------------------+-------+-------++-------
Melee: Trident           |   121 |   181 ||   302
 Abil: Dig               |       |     6 ||     6
       Shaft Self        |       |     2 ||     2
  Use: Scroll            |     4 |     4 ||     8
       Potion            |       |     6 ||     6
Armor: Scale mail        |    47 |    46 ||    93
       Chain mail        |       |    29 ||    29
Dodge: Dodged            |    34 |    42 ||    76
       Repelled          |       |     1 ||     1
Block: Kite shield       |    51 |    83 ||   134

Table legend: (Time is in decaauts)
 A = Elapsed time spent in this place.
 B = Non-inter-level travel time spent in this place.
 C = Inter-level travel time spent in this place.
 D = Time resting spent in this place.
 E = Time spent auto-exploring this place.
 F = Levels seen in this place.
 G = Mean time per level.
                   A        B        C        D        E       F      G
               +--------+--------+--------+--------+--------+-----+--------+
         Total |   3840 |   3765 |     75 |   1166 |   1430 |   5 |  768.0 |
       Dungeon |   3840 |   3765 |     75 |   1166 |   1430 |   5 |  768.0 |
               +--------+--------+--------+--------+--------+-----+--------+

Top non-repeatable levels by time:
     D:3: 1760 daAuts
     D:1: 1125 daAuts
     D:2: 607 daAuts
     D:4: 316 daAuts
     D:6: 30 daAuts
